 Dungeon Crawl Stone Soup version 0.23-a0-183-gf37f6fb (webtiles) character file.

249 Gildeon the Conjurer (level 5, -1/28 HPs)
             Began as a Deep Elf Conjurer on Sept 23, 2018.
             Was a Follower of Sif Muna.
             Slain by a killer bee (4 damage)
             ... on level 4 of the Dungeon.
             The game lasted 00:12:32 (2721 turns).

Gildeon the Conjurer (Deep Elf Conjurer)            Turns: 2721, Time: 00:12:33

Health: -1/28      AC:  4    Str:  5    XL:     5   Next: 86%
Magic:  14/14      EV: 16    Int: 21    God:    Sif Muna [*.....]
Gold:   140        SH:  0    Dex: 15    Spells: 3/13 levels left

rFire    . . .     SeeInvis .   b - +1 dagger
rCold    + . .     Gourm    .   (no shield)
rNeg     . . .     Faith    .   a - +0 robe
rPois    .         Spirit   .   (no helmet)
rElec    .         Reflect  .   d - +1 cloak
rCorr    .         Harm     .   (no gloves)
MR       .....                  (no boots)
Stlth    +++.......             (no amulet)
HPRegen  0.09/turn              i - +2 ring of evasion
MPRegen  0.14/turn              l - ring of protection from cold

@: lethally poisoned (-1 -> -13)
A: no striking features
a: Divine Energy, Renounce Religion


You were on level 4 of the Dungeon.
You worshipped Sif Muna.
Sif Muna was aware of your devotion.
You were not hungry.

You visited 1 branch of the dungeon, and saw 4 of its levels.

You collected 140 gold pieces.

Inventory:

Hand Weapons
 b - a +1 dagger (weapon)
Armour
 a - a +0 robe (worn)
 d - a +1 cloak (worn)
Jewellery
 i - a +2 ring of evasion (left hand)
 l - a ring of protection from cold (right hand)
Wands
 p - a wand of scattershot (3)
Scrolls
 f - 4 scrolls of teleportation
 h - a scroll of remove curse
 k - 2 scrolls of enchant armour
Potions
 j - a potion of lignification
 m - 4 potions of heal wounds {unknown}
 o - a potion of brilliance {unknown}
Comestibles
 c - 11 rations
 g - 11 chunks of flesh


   Skills:
 + Level 4.2 Dodging
 + Level 4.4 Stealth
 + Level 4.8 Spellcasting
 + Level 5.5 Conjurations


You had 3 spell levels left.
You knew the following spells:

 Your Spells              Type           Power        Failure   Level  Hunger
a - Magic Dart            Conj           ####         1%          1    None
b - Searing Ray           Conj           ####..       1%          2    None
c - Dazzling Spray        Conj/Hex       ###...       11%         3    ##.....
d - Iskenderun's Mystic   Conj           ####....     12%         4    ####...

Your spell library contained the following spells:

 Spells                   Type           Power        Failure   Level  Hunger
 Animate Skeleton         Necr           N/A          11%         1    None
 Pain                     Necr           #...         11%         1    None
 Regeneration             Chrm/Necr      #.........   32%         3    ##.....
 Vampiric Draining        Necr           #.........   32%         3    ##.....
 Force Lance              Conj/Tloc      ###.....     34%         4    ####...
 Fulminant Prism          Conj/Hex       ###.......   34%         4    ####...
 Animate Dead             Necr           N/A          73%         4    ####...


Dungeon Overview and Level Annotations

Branches:
Dungeon (4/15)             Temple (0/1) D:4

Altars:
Hepliaklqana
Okawaru
Sif Muna

Annotations:
D:3 exclusions: hobgoblin, 2 wights and worm


Message History

The killer bee completely misses you. x2
The killer bee misses you. The killer bee stings you.
You are poisoned.
The killer bee poisons you!
The killer bee stings you but does no damage.
The killer bee closely misses you.
You feel sick. The killer bee stings you! x2
* * * LOW HITPOINT WARNING * * *
* * * LOW HITPOINT WARNING * * *
You feel sick. The killer bee misses you.
You feel better. The killer bee stings you.
You are poisoned.
The killer bee poisons you! The killer bee stings you.
* * * LOW HITPOINT WARNING * * *
The killer bee stings you.
* * * LOW HITPOINT WARNING * * *
You are more poisoned.
The killer bee poisons you! The killer bee stings you.
You die...

...........#......#...
............y........#
....O.....#.#.....##..#
...!.....##..........##
#....#..###.....♣.♣...
.##....y.#..#...>..##
####..y...#..♣.♣.#
####y..........#
#..@y..#....####
##.#....# ... #..#....#
#.##....# ###.#.....# P
#...#.....#.♣≈≈
##.###.......≈≈♣
#>.##.........P.
##########.##...####.....


You could see 3 killer bees.

Vanquished Creatures
  An ogre (D:3)
  A hound (D:4)
  5 adders
  An ooze (D:3)
  A worm (D:3)
  2 dart slugs
  4 leopard geckos
  4 orcs (D:3)
  2 giant cockroaches
  5 goblins
  6 hobgoblins
  9 jackals (D:3)
  A quokka (D:3)
  7 bats
  5 frilled lizards
  8 kobolds
  3 rats
65 creatures vanquished.

Notes
Turn   | Place    | Note
-------+----------+-------------------------------------------
     0 | D:1      | Gildeon the Deep Elf Conjurer began the quest for the Orb.
     0 | D:1      | Reached XP level 1. HP: 10/10 MP: 6/6
   337 | D:1      | Reached XP level 2. HP: 13/15 MP: 5/8
   347 | D:1      | Learned a level 2 spell: Searing Ray
  1101 | D:2      | Reached XP level 3. HP: 15/19 MP: 6/10
  1106 | D:2      | Learned a level 3 spell: Dazzling Spray
  1495 | D:2      | Found a hazy altar of Hepliaklqana.
  1531 | D:2      | Found an iron altar of Okawaru.
  1538 | D:2      | Found a deep blue altar of Sif Muna.
  1542 | D:2      | Became a worshipper of Sif Muna the Loreminder
  1632 | D:2      | Found a faded altar of an unknown god.
  1749 | D:2      | Reached XP level 4. HP: 13/24 MP: 5/11
  1766 | D:2      | Learned a level 4 spell: Iskenderun's Mystic Blast
  2045 | D:3      | Noticed an ogre
  2052 | D:3      | Killed an ogre
  2052 | D:3      | Reached skill level 5 in Conjurations
  2052 | D:3      | Reached XP level 5. HP: 28/28 MP: 5/13
  2671 | D:4      | Reached * piety under Sif Muna
  2703 | D:4      | Found a staircase to the Ecumenical Temple.
  2714 | D:4      | Noticed an ogre
  2721 | D:4      | Slain by a killer bee

Vault maps used:
D:1:      dpeg_arrival_concentric_ovals, serial_forest,
          infiniplex_forest_lined_room_, infiniplex_forest_clump_diagonal,
          infiniplex_forest_corner_1, infiniplex_forest_clump_C,
          infiniplex_forest_end_2, infiniplex_forest_end_1,
          infiniplex_forest_end_3, infiniplex_forest_corner_1
D:2:      grunt_temple_overflow_diamond, chequers_ecumenical_altar_simple,
          kennysheep_generic_room_5
D:4:      minmay_temple_entry_trees, serial_bayou_pond_d,
          minmay_a_box_with_orc_wizards_in_it

Skill      XL: |  1  2  3  4  5 |
---------------+----------------+-----
Stealth        | 3 4 |  4.4
Dodging        | 3 4 |  4.2
Spellcasting   | 4 |  4.8
Conjurations   | 5 |  5.5

Action                   |  1- 3 |  4- 6 || total
-------------------------+-------+-------++-------
Melee: Dagger            |     9 |    42 ||    51
 Cast: Magic Dart        |    65 |    57 ||   122
       Searing Ray       |       |     1 ||     1
Invok: Divine Energy     |       |     1 ||     1
       Stop Divine Energ |       |     1 ||     1
  Use: Scroll            |     3 |     8 ||    11
       Potion            |       |     1 ||     1
 Stab: Sleeping          |     3 |     2 ||     5
  Eat: Chunk             |     2 |     3 ||     5
Armor: Robe              |     7 |    11 ||    18
Dodge: Dodged            |    24 |    52 ||    76

Table legend:
 A = Non-vault XP
 B = Vault XP
 C = Vault XP percentage of total XP
 D = Non-vault monster count
 E = Vault monster count
 F = Vault count percentage of total count
                 A         B        C        D         E       F
            +---------+---------+-------+---------+---------+-------
      Total |     352 |       4 |   1.1 |      63 |       2 |   3.1
            +---------+---------+-------+---------+---------+-------
        D:1 |      34 |       0 |   0.0 |      21 |       0 |   0.0
        D:2 |      74 |       4 |   5.1 |      14 |       2 |  12.5
        D:3 |     204 |       0 |   0.0 |      27 |       0 |   0.0
        D:4 |      40 |       0 |   0.0 |       1 |       0 |   0.0
            +---------+---------+-------+---------+---------+-------
